 Dungeon Crawl Stone Soup version 0.29-a0-822-ga620ab95ad (console) character file.

Game seed: 6556789662389517062

644 CannotBeFrozen the Trooper (level 7, 0/63 HPs)
             Began as a Demigod Warper on June 27, 2022.
             Slain by a water moccasin (5 damage)
             ... on level 5 of the Dungeon on July 8, 2022.
             The game lasted 00:22:30 (7528 turns).

CannotBeFrozen the Trooper (Demigod Warper)         Turns: 7528, Time: 00:22:31

Health: 0/63       AC:  5    Str: 16    XL:     7   Next: 5%
Magic:  14/14      EV: 16    Int: 19    God:
Gold:   213        SH:  0    Dex: 13    Spells: 7/12 levels left

rFire   . . .      SeeInvis .   a - +0 morningstar
rCold   . . .      Faith    .   (no shield)
rNeg    . . .      Spirit   .   y - +0 leather armour
rPois   +          Reflect  .   (no helmet)
rElec   .          Harm     .   (no cloak)
rCorr   .          Rampage  .   j - +0 pair of gloves
Will    .....                   v - +0 pair of boots
Stlth   ++........              (no amulet)
HPRegen 0.20/turn               h - +4 ring of evasion
MPRegen 0.14/turn               n - ring of poison resistance

@: lethally poisoned (0 -> -19)
A: high MP 1, forlorn, divine attributes
a: no special abilities


You were on level 5 of the Dungeon.
You visited 1 branch of the dungeon, and saw 5 of its levels.

You collected 213 gold pieces.

Inventory:

Hand Weapons
 a - a +0 morningstar (weapon)
 b - a +1 whip of pain
 u - a +0 flail
 x - a +0 mace of freezing
Missiles
 d - 7 boomerangs of dispersal {=f=F}
 g - 18 stones
 o - 5 poisoned darts
 p - 4 boomerangs (quivered)
Armour
 j - a +0 pair of gloves (worn)
 q - a +0 ring mail
 v - a +0 pair of boots (worn)
 y - a +0 leather armour (worn)
Jewellery
 h - a +4 ring of evasion (left hand)
 n - a ring of poison resistance (right hand)
Wands
 t - a wand of acid (7)
Scrolls
 c - a scroll of blinking
 e - a scroll of acquirement
 i - 2 scrolls of poison
 l - 2 scrolls of fear
 r - a scroll of vulnerability
 s - 2 scrolls of teleportation {@r2}
Potions
 f - a potion of lignification
 k - 2 potions of haste
 m - a potion of curing {@q1}
 w - a potion of might {unknown}


   Skills:
 + Level 6.0 Fighting
 - Level 1.9 Maces & Flails
 - Level 1.0 Throwing
 - Level 2.0 Armour
 - Level 2.0 Dodging
 - Level 2.0 Stealth
 - Level 3.0 Spellcasting
 - Level 3.0 Translocations


You had 7 spell levels left.
You knew the following spells:

 Your Spells              Type           Power      Damage    Failure   Level
a - Gell's Gravitas       Tloc           14%        N/A       16%         3
z - Blink                 Tloc           28%        N/A       9%          2

Your spell library contained the following spells:

 Spells                   Type           Power      Damage    Failure   Level
 Lesser Beckoning         Tloc           14%        N/A       16%         3
 Teleport Other           Tloc           14%        N/A       16%         3
 Sandblast                Erth           4%         2d4       19%         1
 Passwall                 Tmut/Erth      1%         N/A       28%         2
 Stone Arrow              Conj/Erth      4%         3d7       50%         3
 Manifold Assault         Tloc           14%        N/A       83%         5


Dungeon Overview and Level Annotations

Branches:
Dungeon (5/15)
 Temple: D:4-7

Annotations:
D:3 1 runed translucent door; Jelly!; Ice Beast!, paps's ghost, amateur OpGl


Innate Abilities, Weirdness & Mutations

You have an increased reservoir of magic. (+10% MP)
You shall have no god before yourself.
Your divine heritage dramatically boosts your attributes as you level up.


Message History

The water moccasin is severely wounded.
The water moccasin bites you. x2
You are poisoned.
The water moccasin poisons you!
HP: 44/63 (-6) ========---- You closely miss the water moccasin.
The water moccasin is severely wounded.
You feel very sick. The water moccasin bites you!
* * * LOW HITPOINT WARNING * * *
The water moccasin closely misses you.
HP: 31/63 (-13) =====------- !!
You closely miss the water moccasin.
The water moccasin is severely wounded.
You feel very sick.
The water moccasin bites you but does no damage.
HP: 27/63 (-4) =====------- You miss the water moccasin.
The water moccasin is severely wounded.
You feel very sick. The water moccasin barely misses you.
The water moccasin bites you.
* * * LOW HITPOINT WARNING * * *
You are more poisoned.
The water moccasin poisons you!
HP: 24/63 (-3) ====-------- You hit the water moccasin.
The water moccasin is severely wounded.
* * * LOW HITPOINT WARNING * * *
You feel very sick. The water moccasin bites you.
* * * LOW HITPOINT WARNING * * *
You are more poisoned.
The water moccasin poisons you! The water moccasin misses you.
HP: 13/63 (-11) ==---------- !
You closely miss the water moccasin.
The water moccasin is severely wounded.
* * * LOW HITPOINT WARNING * * *
You feel extremely sick. The water moccasin bites you.
You die...

.........# #.# ##'##
.........# #.# #...#
.........# #.# #...##
.........# #.# #....#
.........# #.# #....#
.........####.###....#########
...........÷..................
..........###.######..######.#
..#####'#..)).# ##.# #.#####
...# #.#######
###.######.....##. ...# #.#
#.........@S...... .#.#
#.###########'##.#####.###....
.#.####.#............#..)....#
.
.#......#............'.......#
.########......)†....#.......#
.# #............#.......# .#
#............#.......# .#
#............#.......# .#
.............#.......# .#
.............#.......# .#
....##########.......#


You could see a water moccasin.

Vanquished Creatures
  A black bear (D:5)
  An ogre (D:5)
  A scorpion (D:5)
  5 orc priests
  A hound (D:5)
  An iguana (D:4)
  4 gnolls
  6 adders
  16 orcs
  6 ball pythons
  3 endoplasms
  A giant cockroach (D:3)
  8 goblins
  7 hobgoblins
  8 jackals
  8 quokkas
  4 bats
  3 frilled lizards
  10 kobolds
  8 rats
102 creatures vanquished.

Vanquished Creatures (others)
  2 plants
2 creatures vanquished.

Grand Total: 104 creatures vanquished

Notes
Turn   | Place    | Note
-------+----------+-------------------------------------------
     0 | D:1      | CannotBeFrozen the Demigod Warper began the quest for the
                  | Orb.
     0 | D:1      | Reached XP level 1. HP: 17/17 MP: 5/5
   325 | D:1      | Upgraded the game from 0.29-a0-719-g0fec994a2d to
                  | 0.29-a0-822-ga620ab95ad
   363 | D:1      | Reached skill level 2 in Fighting
   850 | D:1      | Reached XP level 2. HP: 24/25 MP: 7/7
   886 | D:1      | Learned a level 2 spell: Blink
  1252 | D:1      | Identified a scroll of acquirement
  1777 | D:2      | Reached skill level 3 in Fighting
  2016 | D:2      | Reached XP level 3. HP: 31/31 MP: 8/8
  2792 | D:3      | Reached skill level 4 in Fighting
  2792 | D:3      | Reached XP level 4. HP: 23/40 MP: 9/9
  3417 | D:3      | Reached skill level 1 in Armour
  3454 | D:3      | Learned a level 3 spell: Gell's Gravitas
  3578 | D:3      | Found a runed translucent door.
  3583 | D:3      | Noticed paps's ghost (amateur OpGl)
  3653 | D:3      | Reached skill level 1 in Throwing
  4360 | D:4      | Noticed an ice beast
  4594 | D:4      | Reached XP level 5. HP: 11/47 MP: 10/10
  4998 | D:4      | Reached skill level 1 in Stealth
  6783 | D:5      | Entered Level 5 of the Dungeon
  6880 | D:4      | Reached XP level 6. HP: 33/53 MP: 12/12
  7145 | D:5      | Reached skill level 5 in Fighting
  7475 | D:5      | Reached skill level 6 in Fighting
  7475 | D:5      | Reached XP level 7. HP: 60/63 MP: 10/14
  7528 | D:5      | Slain by a water moccasin

Illustrated notes

Levels and vault maps discovered:
D:1:      tarquinn_simple_flora_water_b, layout_basic,
          hellmonk_ecumenical_altar_arch_garden, minmay_tetromino_l2
D:2:      minmay_chambers_of_ones, layout_basic, chequers_garden
D:3:      layout_loops_ring, nicolae_sif_muna_little_library,
          ebering_ghost_sewer_d, serial_bayou_pond_e
D:4:      layout_loops_cross
D:5:      layout_basic, uniq_eustachio, uniq_blork_the_orc

Skill      XL: |  1  2  3  4  5  6 |
---------------+-------------------+-----
Fighting       | 2 3 4 6 |  6.0
Armour         | 1 2 |  2.0
Throwing       | 1 |  1.0
Spellcasting   | 2 3 |  3.0
Dodging        | 2 |  2.0
Stealth        | 1 2 |  2.0
Translocations | 3 |  3.0
Maces & Flails | |  1.9

Action                   |  1- 3 |  4- 6 |  7- 9 || total
-------------------------+-------+-------+-------++-------
Melee: Mace              |   152 |   237 |       ||   389
       Punch             |     1 |     2 |       ||     3
       Morningstar       |       |    54 |    21 ||    75
Throw: Dart              |     2 |    31 |       ||    33
       Stone             |       |    26 |       ||    26
       Boomerang         |       |       |     4 ||     4
 Cast: Blink             |       |     6 |       ||     6
  Use: Scroll            |     6 |     8 |       ||    14
       Potion            |     1 |     2 |       ||     3
 Stab: Distracted        |       |     1 |       ||     1
       Sleeping          |       |     1 |       ||     1
Armor: Leather armour    |    60 |    62 |     5 ||   127
Dodge: Dodged            |   121 |   275 |    24 ||   420

Table legend: (Time is in decaauts)
 A = Elapsed time spent in this place.
 B = Non-inter-level travel time spent in this place.
 C = Inter-level travel time spent in this place.
 D = Time resting spent in this place.
 E = Time spent auto-exploring this place.
 F = Levels seen in this place.
 G = Mean time per level.
                   A        B        C        D        E       F      G
               +--------+--------+--------+--------+--------+-----+--------+
         Total |   7685 |   7297 |    388 |   2742 |   2582 |   5 | 1537.0 |
       Dungeon |   7685 |   7297 |    388 |   2742 |   2582 |   5 | 1537.0 |
               +--------+--------+--------+--------+--------+-----+--------+

Top non-repeatable levels by time:
     D:4: 2358 daAuts
     D:3: 1933 daAuts
     D:1: 1674 daAuts
     D:2: 1109 daAuts
     D:5: 608 daAuts
